 Dungeon Crawl Stone Soup version 0.28-a0-199-g298df9dbad (webtiles) character file.

Game seed: 2348559254491575409

74330 Ezendos the Fighter (level 15, -10/110 HPs)
             Began as an Octopode Conjurer on Aug 19, 2021.
             Was a High Priest of Vehumet.
             Killed from afar by an ice dragon (41 damage)
             ... with a blast of cold
             ... on level 1 of the Shoals.
             The game lasted 01:21:49 (34437 turns).

Ezendos the Fighter (Octopode Conjurer)            Turns: 34437, Time: 01:21:50

Health: -10/110    AC:  1    Str: 10    XL:     15   Next: 46%
Magic:  16/30      EV: 22    Int: 30    God:    Vehumet [*****.]
Gold:   1853       SH: 13    Dex: 18    Spells: 7/36 levels left

rFire   + . .      SeeInvis +   a - staff of conjuration
rCold   . . .      Faith    .   y - +3 buckler of Tender Moments {rPois Will+ Str+4 Stlth+}
rNeg    + + .      Spirit   .   J - +0 hat of Action {rN+ Int+4}
rPois   +          Reflect  +   m - amulet of reflection
rElec   .          Harm     .   i - ring of willpower
rCorr   .          Rampage  .   G - ring of see invisible
Will    +++..                   F - +4 ring of evasion
Stlth   +++++++...              k - ring of protection from fire
HPRegen 0.28/turn               Y - ring of positive energy
MPRegen 0.22/turn               f - +6 ring of dexterity
                                (no ring)
                                (no ring)

@: no status effects
A: almost no armour, amphibious, 8 rings, camouflage 1, gelatinous body 1,
nimble swimmer 1, tentacles
a: Renounce Religion


You were on level 1 of the Shoals.
You worshipped Vehumet.
Vehumet was extremely pleased with you.
You visited 3 branches of the dungeon, and saw 22 of its levels.

You collected 3261 gold pieces.
You spent 1408 gold pieces at shops.

Inventory:

Hand Weapons
 w - a +1 short sword of electrocution
Missiles
 j - 4 throwing nets (quivered)
 E - 8 curare-tipped darts
Armour
 t - the +3 warlock's mirror {reflect}
   (You acquired it on level 14 of the Dungeon)

   It can block and reflect piercing ranged attacks and magical attacks against
   the wielder's willpower.
 y - the +3 buckler of Tender Moments (worn) {rPois Will+ Str+4 Stlth+}
   (You found it on level 8 of the Dungeon)

   Str:       It affects your strength (+4).
   rPois:     It protects you from poison.
   Will:      It increases your willpower.
   Stlth:     It makes you more stealthy.
 J - the +0 hat of Action (worn) {rN+ Int+4}
   (You found it on level 10 of the Dungeon)

   Int:       It affects your intelligence (+4).
   rN:        It protects you from negative energy.
 S - the +8 tower shield of Mutualism {rPois}
   (You acquired it on level 5 of the Lair of Beasts)

   rPois:     It protects you from poison.
Magical Staves
 a - a staff of conjuration (weapon)
 d - a staff of air
 s - a staff of cold
 Z - a staff of fire
Jewellery
 f - a +6 ring of dexterity (on tentacle)
 i - a ring of willpower (left tentacle)
 k - a ring of protection from fire (on tentacle)
 m - an amulet of reflection (around mantle)
 F - a +4 ring of evasion (on tentacle)
 G - a ring of see invisible (right tentacle)
 W - an amulet of regeneration
 Y - a ring of positive energy (on tentacle)
Wands
 u - a wand of iceblast (28)
 A - a wand of paralysis (12)
 D - a wand of mindburst (15)
 K - a wand of digging (5)
 R - a wand of polymorph (21)
 V - a wand of flame (41)
Scrolls
 h - 3 scrolls of vulnerability
 l - 9 scrolls of teleportation
 n - 6 scrolls of fear
 r - 4 scrolls of identify
 v - a scroll of holy word
 z - 6 scrolls of amnesia
 C - a scroll of fog
 L - a scroll of summoning
 M - 3 scrolls of immolation
 O - 2 scrolls of magic mapping
 U - a scroll of silence
 X - 2 scrolls of blinking
Potions
 b - 6 potions of haste
 c - 3 potions of brilliance
 e - 3 potions of lignification
 g - 5 potions of heal wounds
 o - 2 potions of ambrosia
 p - 3 potions of curing
 q - 3 potions of flight
 x - 3 potions of cancellation
 B - 7 potions of might
 N - a potion of magic
 Q - 2 potions of mutation
 T - a potion of invisibility
Miscellaneous
 H - a lightning rod (4/4)


   Skills:
 - Level 13.0 Fighting
 - Level 8.0 Dodging
 - Level 8.0 Stealth
 - Level 4.0 Shields
 + Level 11.3 Spellcasting
 + Level 12.5 Conjurations
 + Level 6.9 Summonings
 - Level 5.0 Translocations
 - Level 5.0 Fire Magic
 - Level 5.0 Ice Magic
 - Level 5.0 Air Magic
 - Level 4.0 Poison Magic
 - Level 4.0 Evocations


You had 7 spell levels left.
You knew the following spells:

 Your Spells              Type           Power      Damage    Failure   Level
a - Magic Dart            Conj           100%       1d8       0%          1
b - Searing Ray           Conj           100%       3d7       1%          2
c - Poisonous Vapours     Pois/Air       88%        N/A       1%          2
d - Iskenderun's Mystic   Conj/Tloc      81%        2d16      1%          4
e - Sticky Flame          Conj/Fire      81%        2d9       1%          4
f - Airstrike             Air            23%        N/A       1%          4
A - Iskenderun's Battles  Conj           95%        2d14      1%          5
B - Frozen Ramparts       Ice            94%        1d11      1%          3
C - Summon Lightning Spi  Summ/Air       51%        N/A       2%          4

Your spell library contained the following spells:

 Spells                   Type           Power      Damage    Failure   Level
 Yara's Violent Unravell  Hex/Tmut       8%         3d5       21%         5
 Sting                    Tmut/Pois      100%       1d8       1%          1
 Corpse Rot               Necr/Air       N/A        N/A       1%          2
 Conjure Flame            Conj/Fire      81%        6-21      1%          3
 Dazzling Flash           Conj/Hex       100%       N/A       1%          3
 Gell's Gravitas          Tloc           23%        N/A       1%          3
 Ignite Poison            Fire/Tmut/Pois 35%        N/A       1%          3
 Inner Flame              Hex/Fire       32%        N/A       1%          3
 Ozocubu's Armour         Ice            47%        N/A       1%          3
 Teleport Other           Tloc           47%        N/A       1%          3
 Fulminant Prism          Conj/Hex       34%        3d16      1%          4
 Olgreb's Toxic Radiance  Pois           41%        N/A       1%          4
 Fireball                 Conj/Fire      40%        3d16      1%          5
 Animate Skeleton         Necr           34%        N/A       3%          1
 Beastly Appendage        Tmut           34%        N/A       3%          1
 Pain                     Necr           68%        1d7       3%          1
 Conjure Ball Lightning   Conj/Air       40%        3x3d13    3%          6
 Wereblood                Tmut           17%        N/A       4%          2
 Spider Form              Tmut/Pois      14%        N/A       4%          3
 Orb of Destruction       Conj           47%        9d15      4%          7
 Vampiric Draining        Necr           8%         2d7       9%          3
 Iron Shot                Conj/Erth      34%        9d7       10%         6
 Spellforged Servitor     Conj/Summ      42%        N/A       13%         7
 Animate Dead             Necr           8%         N/A       30%         4
 Cause Fear               Hex            8%         N/A       30%         4
 Dispel Undead            Necr           17%        3d10      30%         4
 Metabolic Englaciation   Hex/Ice        16%        N/A       30%         5
 Dispersal                Tloc           23%        N/A       52%         6
 Simulacrum               Ice/Necr       16%        N/A       86%         6
 Death Channel            Necr           8%         N/A       99%         6
 Haunt                    Necr/Summ      18%        N/A       99%         7
 Storm Form               Tmut/Air       16%        N/A       100%        7
 Maxwell's Capacitive Co  Air            23%        ∞         99%         8
 Discord                  Hex            8%         N/A       100%        8
 Infestation              Necr           8%         N/A       100%        8


Dungeon Overview and Level Annotations

Branches:
Dungeon (15/15)            Temple (0/1) D:4            Lair (6/6) D:8
 Shoals (1/4) Lair:3       Spider (0/4) Lair:2        Slime (0/5) Lair:6
    Orc (0/2) D:9          Vaults (0/5) D:14         Depths (0/5) D:15

Altars:
Elyvilon
Fedhas
Hepliaklqana
Kikubaaqudgha
Makhleb
Nemelex Xobeh
Okawaru
Uskayaw
Vehumet
Beogh

Shops:
D:4 *   D:5 [   D:10 ?:[   D:11 *   D:12 ?   D:15 *(

Annotations:
D:6 exclusion: acid dragon
D:7 2 transporters
D:8 exclusion: centaur
D:9 exclusion: orange crystal statue
D:14 3 runed translucent doors, Pobemale's ghost, journeyman TrMo
Lair:1 exclusion: 2 oklob plants
Lair:6 exclusion: 2 oklob plants


Innate Abilities, Weirdness & Mutations

You cannot wear most types of armour.
You are amphibious.
You can wear up to eight rings at the same time.
Your skin changes colour to match your surroundings (Stealth+).
Your rubbery body absorbs attacks. (AC +1, EV +1)
You are camouflaged near water. (Stealth+)
You have tentacles for arms and can constrict up to eight enemies at once.


Message History

Confirm with . or Enter, or press ? or * to list all spells.
Aiming: Searing Ray (safe; 1% risk of failure)
Press: ? - help, Shift-Dir - straight line, f - ice dragon
Aim: an ice dragon (water, 87% to hit)
You feel a surge of power!
The searing ray hits the ice dragon.
The ice dragon is lightly wounded. (Press . to maintain the ray.)
Your battlesphere fires!
The barrage of energy hits the ice dragon but does no damage.
The ice dragon is lightly wounded.
The searing ray hits the ice dragon.
The ice dragon is lightly wounded.
Your battlesphere fires!
The barrage of energy hits the ice dragon!
The ice dragon is moderately wounded.
The searing ray hits the ice dragon!
The ice dragon is heavily wounded.
Your battlesphere fires!
The barrage of energy hits the ice dragon!!
The ice dragon is severely wounded.
Your battlesphere expends the last of its energy and dissipates.
The ice dragon breathes frost at you. The blast of cold hits you!!
Casting: Searing Ray (safe; 1% risk of failure)
Confirm with . or Enter, or press ? or * to list all spells.
You feel a surge of power!
You erupt in a blast of force!
The mystic blast hits the ice dragon!
The ice dragon is almost dead.
The ice dragon is knocked back by the mystic blast.
You are engulfed in freezing vapours.
Casting: Iskenderun's Mystic Blast (safe; 1% risk of failure)
Confirm with . or Enter, or press ? or * to list all spells.
You feel a surge of power!
You conjure a globe of magical energy.
You are engulfed in freezing vapours.
* * * LOW HITPOINT WARNING * * *
The ice dragon breathes frost at you.
The blast of cold hits your battlesphere!
Your battlesphere resists.
The blast of cold hits you!!!
You die...

≈≈≈≈≈≈.PP.
≈≈≈≈≈≈≈.P.P.≈≈≈≈≈#
≈≈≈≈≈≈..≈.≈..≈≈≈≈#
≈≈≈≈≈≈≈≈ P≈≈≈≈≈≈≈#
≈≈≈≈≈≈≈ ≈≈≈≈≈≈≈D#
≈≈≈ ≈≈≈≈≈≈≈○# ≈≈
≈≈≈≈≈≈≈*# ≈
≈≈≈≈≈≈°°#
≈≈≈≈≈≈≈@#
≈≈≈≈≈≈≈°#
≈≈≈≈≈≈≈°#
≈≈≈≈≈≈≈≈#
≈≈≈≈≈≈≈≈#
≈≈≈≈≈≈≈≈#
≈≈≈≈≈≈≈≈#
≈≈≈≈≈≈≈≈#
≈≈≈)≈≈≈≈#


You could see an ice dragon (catching breath, ally target) and a friendly
battlesphere.

Vanquished Creatures
  Rupert (D:14)
  Gastronok (D:11)
  Nessos (Lair:5)
  Snorg (D:10)
  7 hydras
  Fannar (D:11)
  3 boulder beetles
  A death knight (D:14)
  4 centaur warriors
  An ogre mage (D:14)
  A tengu warrior (D:15)
  4 death yaks
  4 two-headed ogres
  Urug (Lair:1)
  Sonja (D:13)
  3 skeletal warriors (D:14)
  Nergalle (D:10)
  A necromancer (D:15)
  A lindwurm (Lair:4)
  3 deep elf pyromancers
  6 ugly things
  2 orc sorcerers (D:15)
  A manticore (D:13)
  A cyclops (D:12)
  7 elephants
  A merfolk siren (Shoals:1)
  A naga mage (D:15)
  A torpor snail (Lair:6)
  2 centaur skeletons (D:15)
  4 black mambas
  3 yaktaurs (D:14)
  15 cane toads
  3 kobold demonologists
  3 efreet
  8 rime drakes
  A freezing wraith (D:15)
  3 komodo dragons
  3 merfolk (Shoals:1)
  4 trolls
  2 hornets (Lair:6)
  3 meliai
  A slime creature (Lair:3)
  5 polar bears
  A snapping turtle (Lair:3)
  26 blink frogs
  6 dream sheep
  A shadow (D:11)
  13 spriggans (Lair:6)
  2 water elementals
  A wraith (D:10)
  A hog (shapeshifter) (D:14)
  6 wyverns
  3 steam dragons
  24 yaks
  8 basilisks
  2 vampire mosquitoes (D:14)
  13 water moccasins
  A meliai simulacrum (D:15)
  6 orc warriors
  3 black bears
  2 sky beasts
  2 necrophages
  6 boggarts
  4 centaurs
  3 ogres
  22 wolves
  A phantom (D:6)
  6 kobold brigands
  A gnoll sergeant (D:7)
  16 bullfrogs
  2 scorpions
  A wyvern skeleton (D:6)
  11 killer bees
  5 wights (D:9)
  7 howler monkeys
  2 centaur zombies
  6 jellies
  A bullfrog zombie (D:7)
  4 hounds
  A bullfrog skeleton (D:6)
  8 orc priests
  2 gnoll shamans
  Jessica (D:2)
  3 iguanas
  6 orc wizards
  8 hell rats
  A killer bee zombie (D:7)
  A hound skeleton (D:5)
  A howler monkey zombie (D:5)
  14 gnolls
  A howler monkey skeleton (D:6)
  4 adders
  2 white imps
  A worm (D:3)
  3 dart slugs
  33 orcs
  19 endoplasms
  2 giant cockroaches
  7 goblins
  8 hobgoblins
  3 quokkas
  6 ball pythons
  4 bats
  6 frilled lizards
  15 kobolds
  5 rats
505 creatures vanquished.

Vanquished Creatures (others)
  An orc (D:11)
  52 fungi
  49 plants
102 creatures vanquished.

Grand Total: 607 creatures vanquished

Notes
Turn   | Place    | Note
-------+----------+-------------------------------------------
     0 | D:1      | Ezendos the Octopode Conjurer began the quest for the Orb.
     0 | D:1      | Reached XP level 1. HP: 11/11 MP: 3/3
   274 | D:1      | Found a faded altar of an unknown god.
   344 | D:1      | Reached XP level 2. HP: 18/18 MP: 3/5
   739 | D:1      | Learned a level 2 spell: Searing Ray
   824 | D:1      | Reached skill level 1 in Fighting
  1374 | D:2      | Found an iron altar of Okawaru.
  1400 | D:2      | Reached XP level 3. HP: 23/23 MP: 2/6
  1541 | D:2      | Noticed Jessica
  1548 | D:2      | Killed Jessica
  1792 | D:2      | Reached XP level 4. HP: 29/29 MP: 4/8
  2599 | D:3      | Reached skill level 2 in Fighting
  2748 | D:3      | Found a radiant altar of Vehumet.
  2763 | D:3      | Became a worshipper of Vehumet
  3024 | D:3      | Found a burning altar of Makhleb.
  3552 | D:3      | Reached XP level 5. HP: 34/34 MP: 5/9
  3676 | D:3      | Learned a level 2 spell: Poisonous Vapours
  3966 | D:4      | Found a hide-covered altar of Uskayaw.
  4003 | D:4      | Reached skill level 1 in Poison Magic
  4118 | D:4      | Found Ychab's General Store.
  4126 | D:4      | Bought a potion of ambrosia for 80 gold pieces
  4126 | D:4      | Bought a scroll of identify for 20 gold pieces
  4126 | D:4      | Bought a potion of flight for 30 gold pieces
  4258 | D:4      | Reached skill level 5 in Conjurations
  4258 | D:4      | Reached skill level 1 in Air Magic
  4258 | D:4      | Reached XP level 6. HP: 41/41 MP: 2/10
  4347 | D:4      | Found a staircase to the Ecumenical Temple.
  4511 | D:5      | Entered Level 5 of the Dungeon
  4592 | D:5      | Noticed a necrophage
  4629 | D:3      | Killed a necrophage
  4880 | D:5      | Found Numaopes's Armour Shoppe.
  4997 | D:5      | Noticed a sky beast
  5046 | D:5      | Reached skill level 3 in Fighting
  5463 | D:5      | Reached XP level 7. HP: 46/46 MP: 5/12
  6290 | D:6      | Found a blossoming altar of Fedhas.
  6326 | D:6      | Reached skill level 5 in Stealth
  6558 | D:6      | Reached skill level 4 in Fighting
  6663 | D:6      | Reached XP level 8. HP: 19/54 MP: 7/14
  7011 | D:6      | Found a hazy altar of Hepliaklqana.
  7612 | D:7      | Found a white marble altar of Elyvilon.
  7615 | D:7      | Found a sparkling altar of Nemelex Xobeh.
  8105 | D:7      | Reached * piety under Vehumet
  8105 | D:7      | Offered knowledge of Shock by Vehumet.
  8647 | D:7      | Reached XP level 9. HP: 46/58 MP: 1/15
  8840 | D:7      | Found a transporter.
  8841 | D:7      | Noticed a troll
  8952 | D:7      | Found a transporter.
  9225 | D:8      | Learned a level 4 spell: Iskenderun's Mystic Blast
  9230 | D:8      | Learned a level 4 spell: Sticky Flame
  9705 | D:8      | Identified the +3 buckler of Tender Moments {rPois Will+
                  | Str+4 Stlth+}
 10002 | D:8      | Reached skill level 1 in Shields
 10148 | D:8      | Noticed a two-headed ogre
 10463 | D:8      | Found a staircase to the Lair.
 11286 | Lair:1   | Entered Level 1 of the Lair of Beasts
 11300 | Lair:1   | Noticed a cane toad
 11554 | D:9      | Noticed a kobold demonologist
 11555 | D:9      | Noticed a kobold demonologist
 11557 | D:9      | Noticed a kobold demonologist
 11604 | D:9      | Reached skill level 1 in Translocations
 11684 | D:9      | Reached skill level 1 in Fire Magic
 11833 | D:9      | Noticed an ice devil
 11834 | D:9      | Noticed an orange demon
 12118 | D:9      | Noticed an orange demon
 12122 | D:8      | Noticed a smoke demon
 12124 | D:8      | Killed a kobold demonologist
 12126 | D:8      | Noticed an orange demon
 12134 | D:8      | Killed a kobold demonologist
 12135 | D:8      | Reached XP level 10. HP: 42/65 MP: 5/16
 12416 | D:9      | Found a staircase to the Orcish Mines.
 12481 | D:9      | Reached skill level 10 in Conjurations
 12497 | D:9      | Reached ** piety under Vehumet
 12715 | D:9      | Offered knowledge of Foxfire by Vehumet.
 13222 | D:9      | Noticed an orange crystal statue
 13350 | D:9      | Killed a kobold demonologist
 13351 | D:9      | Reached skill level 5 in Fighting
 13351 | D:9      | Reached skill level 5 in Spellcasting
 14141 | D:10     | Entered Level 10 of the Dungeon
 14314 | D:10     | Found Qoityc's Magic Scroll Boutique.
 14317 | D:10     | Identified the +0 hat of Action {rN+ Int+4}
 14354 | D:10     | Bought a scroll of summoning for 133 gold pieces
 14354 | D:10     | Bought a scroll of teleportation for 42 gold pieces
 14356 | D:10     | Identified 3 scrolls of acquirement
 14358 | D:10     | Acquired 724 gold pieces
 14360 | D:10     | Acquired 739 gold pieces
 14362 | D:10     | Acquired a staff of conjuration
 14534 | D:10     | Found Neull's Book Shop.
 14550 | D:10     | Bought a book of Power for 546 gold pieces
 14556 | D:10     | Learned a level 5 spell: Iskenderun's Battlesphere
 14609 | D:10     | Noticed Snorg
 14713 | Lair:1   | Killed a cane toad
 14714 | Lair:1   | Reached skill level 1 in Evocations
 14870 | Lair:1   | Noticed a cane toad
 14889 | Lair:1   | Killed a cane toad
 14890 | Lair:1   | Reached XP level 11. HP: 72/72 MP: 2/19
 15179 | Lair:1   | Offered knowledge of Frozen Ramparts by Vehumet.
 15184 | Lair:1   | Learned a level 3 spell: Frozen Ramparts
 15244 | Lair:1   | Reached skill level 6 in Fighting
 15375 | Lair:1   | Noticed Urug
 15384 | Lair:1   | Killed Urug
 15475 | Lair:1   | Reached skill level 1 in Ice Magic
 15637 | Lair:1   | Noticed an oklob plant
 15645 | Lair:1   | Reached skill level 5 in Dodging
 16030 | Lair:1   | Noticed an oklob plant
 16197 | Lair:2   | Reached *** piety under Vehumet
 16577 | Lair:2   | Noticed a death yak
 16577 | Lair:2   | Noticed a death yak
 16577 | Lair:2   | Noticed a death yak
 16589 | Lair:2   | Noticed a death yak
 16590 | Lair:2   | Killed a death yak
 16591 | Lair:2   | Reached skill level 7 in Fighting
 16646 | Lair:1   | Killed a death yak
 16647 | Lair:1   | Reached skill level 5 in Fire Magic
 16876 | Lair:2   | Found a hole to the Spider Nest.
 17128 | Lair:2   | Killed a death yak
 17129 | Lair:2   | Reached skill level 5 in Translocations
 17165 | Lair:1   | Killed a death yak
 17166 | Lair:1   | Reached XP level 12. HP: 74/82 MP: 1/22
 17592 | Lair:2   | Reached skill level 8 in Fighting
 17825 | Lair:3   | Noticed a five-headed hydra
 18147 | D:10     | Noticed Nergalle
 18159 | D:10     | Killed Nergalle
 18237 | D:10     | Offered knowledge of Airstrike by Vehumet.
 18249 | D:10     | Learned a level 4 spell: Airstrike
 18358 | D:10     | Killed Snorg
 18409 | D:10     | Found Hagim's Armour Shoppe.
 18954 | D:11     | Reached skill level 9 in Fighting
 18983 | D:11     | Noticed Gastronok
 19190 | D:11     | Noticed Fannar
 19198 | D:11     | Killed Fannar
 19359 | D:11     | Found Otaq's Assorted Antiques.
 19363 | D:11     | Bought a potion of haste for 320 gold pieces
 19363 | D:11     | Bought a scroll of teleportation for 96 gold pieces
 19363 | D:11     | Bought a potion of curing for 96 gold pieces
 19398 | D:11     | Killed Gastronok
 19399 | D:11     | Reached skill level 5 in Ice Magic
 19891 | D:12     | Found Moliar's Magic Scroll Shoppe.
 19897 | D:12     | Bought a scroll of teleportation for 45 gold pieces
 20008 | D:12     | Noticed a two-headed ogre
 20014 | D:12     | Killed a two-headed ogre
 20542 | Lair:3   | Reached XP level 13. HP: 77/91 MP: 14/25
 20780 | Lair:3   | Reached **** piety under Vehumet
 20782 | Lair:3   | Offered knowledge of Freezing Cloud by Vehumet.
 20787 | Lair:3   | Reached skill level 5 in Air Magic
 21359 | Lair:3   | Found a staircase to the Shoals.
 21376 | Lair:3   | Reached skill level 10 in Fighting
 22599 | Lair:4   | Reached ***** piety under Vehumet
 22599 | Lair:4   | Offered knowledge of Ozocubu's Refrigeration by Vehumet.
 23200 | Lair:4   | Learned a level 4 spell: Summon Lightning Spire
 23531 | Lair:5   | Noticed Nessos
 23660 | Lair:5   | Reached skill level 1 in Summonings
 24194 | Lair:5   | Killed Nessos
 24835 | Lair:6   | Entered Level 6 of the Lair of Beasts
 24893 | Lair:6   | Reached XP level 14. HP: 90/99 MP: 20/27
 24897 | Lair:6   | Reached skill level 11 in Fighting
 25254 | Lair:6   | Reached skill level 10 in Spellcasting
 25318 | Lair:6   | Found a staircase to the Slime Pits.
 28209 | D:12     | Reached skill level 12 in Fighting
 28508 | D:13     | Noticed Sonja
 28511 | D:13     | Killed Sonja
 28948 | D:12     | HP: 4/103 [meliai (5)]
 29239 | D:12     | Acquired the +8 tower shield of Mutualism {rPois}
 29241 | D:12     | Acquired 270 gold pieces
 30664 | D:14     | Reached skill level 5 in Summonings
 30778 | D:14     | Offered knowledge of Yara's Violent Unravelling by Vehumet.
 31197 | D:14     | Reached XP level 15. HP: 109/109 MP: 22/29
 31497 | D:14     | Found a gate to the Vaults.
 31727 | D:14     | Noticed Rupert
 31735 | D:14     | Killed Rupert
 31736 | D:14     | Reached skill level 13 in Fighting
 31746 | D:14     | Acquired the +3 warlock's mirror {reflect}
 31746 | D:14     | Found the +3 warlock's mirror {reflect}
 32044 | D:14     | Found a runed translucent gate.
 32044 | D:14     | Found a runed translucent gate.
 32045 | D:14     | Found an ancient bone altar of Kikubaaqudgha.
 32045 | D:14     | Found a runed translucent gate.
 32046 | D:14     | Noticed a lich
 32046 | D:14     | Noticed Pobemale's ghost (journeyman TrMo)
 32046 | D:14     | Noticed a lich
 32047 | D:14     | Noticed a lich
 32048 | D:14     | Noticed a lich
 32372 | D:15     | Entered Level 15 of the Dungeon
 33165 | D:15     | Found a staircase to the Depths.
 33214 | D:15     | Found Haysoomm's Neck Hole.
 33263 | D:15     | Found Qafoliug's Weapon Boutique.
 33971 | Shoals:1 | Entered Level 1 of the Shoals
 34437 | Shoals:1 | Killed from afar by an ice dragon

Illustrated notes

Levels and vault maps discovered:
D:1:      dpeg_arrival_tiny_b, layout_loops_cross,
          shapermc_ecumenical_altar_totnotflames, minmay_misc_feat_tower,
          eino_curves_04, nrook_uturn, minmay_misc_feat_more_columns,
          kennysheep_small_spiral, st_stairs_6
D:2:      layout_basic, basic_altar, grunt_ministairs_4, chequers_jeans,
          minmay_splitting_lines, uniq_jessica
D:3:      layout_basic, mainiacjoe_overflow_alcove_1,
          mainiacjoe_overflow_brackets, minmay_misc_feat_enclosed
D:4:      layout_gridville, mainiacjoe_overflow_surrounded_room,
          minmay_temple_entry_grid, serial_shops, shop
D:5:      layout_basic, serial_shops, shop
D:6:      minmay_chambers_of_sixes, layout_cave_pools,
          nzn_hepliaklqana_mist_gate, kennysheep_mini_moat, hex_tiny
D:7:      gammafunk_beogh_shrine, layout_rooms,
          mainiacjoe_overflow_catwalk_spiral
D:8:      layout_basic, lair_entry_dummy
D:9:      minmay_separated_statues, layout_basic, david_orc_5, minmay_between
D:10:     layout_big_octagon, serial_shops, nicolae_shop_crystal, shop, shop,
          chequers_serial_rivers_room_a, minmay_misc_feat_plants,
          kennysheep_path_1, uniq_nergalle, uniq_snorg
D:11:     layout_rooms, serial_shops, nicolae_shop_trees,
          minmay_misc_feat_diagonals, chequers_garden, uniq_gastronok,
          uniq_fannar
D:12:     layout_gridville, serial_shops, shop_fountains, hive_lemuel
D:13:     layout_roguey, uniq_sonja
D:14:     layout_irregular_city, hangedman_vaults_entry_quadrant_bands,
          chequers_big_river, gammafunk_ghost_crypt, uniq_rupert
D:15:     grunt_enter_depths_magical_seal, layout_basic, serial_shops, shop,
          nicolae_shop_sticking_my_neck_out
Lair:1:   layout_chaotic_city, lemuel_fruit_tree, grunt_megastairs_1,
          minmay_lair_oklob_chamber, uniq_urug
Lair:2:   layout_hall_layers, spider_nest_entry_web_field
Lair:3:   lemuel_slime, layout_regular_city, minmay_shoals_entry_hut,
          grunt_megastairs_5
Lair:4:   layout_misc_corridors, special_room [special_room_mythical_zoo]
Lair:5:   layout_small_grid, uniq_nessos
Lair:6:   minmay_lair_end_enchanted_forest, layout_regular_city,
          minmay_slime_entry_oklob_open, grunt_megastairs_3
Shoals:1: argonaut_golden_fleece, layout_shoals, minmay_shop_mass

Skill      XL: |  1  2  3  4  5  6  7  8  9 10 11 12 13 14 15 |
---------------+----------------------------------------------+-----
Stealth        | 3 4 5 7 8 |  8.0
Fighting       | 1 2 3 4 5 7 9 10 12 13 | 13.0
Spellcasting   | 3 4 5 6 8 9 10 11 | 11.3
Poison Magic   | 1 2 3 4 |  4.0
Conjurations   | 5 9 10 11 12 | 12.5
Air Magic      | 1 2 3 4 5 |  5.0
Shields        | 4 |  4.0
Translocations | 2 3 5 |  5.0
Fire Magic     | 2 3 5 |  5.0
Dodging        | 3 4 5 6 7 8 |  8.0
Evocations     | 2 4 |  4.0
Ice Magic      | 3 5 |  5.0
Summonings     | 2 5 6 |  6.9

Action                   |  1- 3 |  4- 6 |  7- 9 | 10-12 | 13-15 || total
-------------------------+-------+-------+-------+-------+-------++-------
Melee: Dagger            |     9 |     2 |       |       |       ||    11
       Unarmed           |     3 |       |       |       |       ||     3
       Tentacles         |     1 |       |       |       |     2 ||     3
       Constrict         |       |     1 |       |       |     7 ||     8
       Short sword       |       |       |     1 |     1 |     5 ||     7
       Staff             |       |       |       |     1 |     8 ||     9
 Cast: Magic Dart        |    46 |    71 |    94 |   123 |   225 ||   559
       Searing Ray       |     4 |    22 |    71 |    62 |   103 ||   262
       Poisonous Vapours |       |       |    44 |     4 |     8 ||    56
       Sticky Flame      |       |       |     2 |     7 |    11 ||    20
       Iskenderun's Myst |       |       |     1 |    30 |    88 ||   119
       Iskenderun's Batt |       |       |       |    39 |   108 ||   147
       Frozen Ramparts   |       |       |       |     1 |     3 ||     4
       Airstrike         |       |       |       |       |     1 ||     1
       Summon Lightning  |       |       |       |       |     3 ||     3
Evoke: Wand              |       |       |       |       |     6 ||     6
  Use: Scroll            |       |    12 |     8 |     8 |     7 ||    35
       Potion            |       |     1 |     2 |       |     2 ||     5
Armor: Skin              |       |       |     9 |     2 |     3 ||    14
Dodge: Dodged            |     7 |    17 |    77 |    38 |   113 ||   252
Block: Buckler           |       |       |    18 |    17 |    50 ||    85
       Reflection        |       |       |       |       |     3 ||     3

Table legend: (Time is in decaauts)
 A = Elapsed time spent in this place.
 B = Non-inter-level travel time spent in this place.
 C = Inter-level travel time spent in this place.
 D = Time resting spent in this place.
 E = Time spent auto-exploring this place.
 F = Levels seen in this place.
 G = Mean time per level.
                   A        B        C        D        E       F      G
               +--------+--------+--------+--------+--------+-----+--------+
         Total |  34501 |  32126 |   2375 |   8561 |  17776 |  22 | 1568.2 |
       Dungeon |  23191 |  21349 |   1842 |   4937 |  13026 |  15 | 1546.1 |
          Lair |  10844 |  10312 |    532 |   3545 |   4689 |   6 | 1807.3 |
        Shoals |    465 |    465 |      0 |     79 |     61 |   1 |  465.0 |
               +--------+--------+--------+--------+--------+-----+--------+

Top non-repeatable levels by time:
     D:8: 2672 daAuts
  Lair:6: 2644 daAuts
     D:9: 2536 daAuts
  Lair:2: 2085 daAuts
    D:13: 1852 daAuts
  Lair:1: 1801 daAuts
     D:6: 1789 daAuts
    D:14: 1727 daAuts
  Lair:4: 1662 daAuts
     D:5: 1652 daAuts
    D:10: 1563 daAuts
     D:3: 1520 daAuts
    D:15: 1418 daAuts
    D:12: 1371 daAuts
  Lair:5: 1358 daAuts
